 Dungeon Crawl Stone Soup version 0.31-a0-1074-g0b22e4e0f1 (webtiles) character file.

Game seed: 15215599236204390272

14 sammy202020 the Trooper (level 2, -7/27 HPs)
             Began as a Minotaur Fighter on Nov 27, 2023.
             Killed by nerve-wracking pain
             ... invoked by Jessica
              (13 damage)
             ... on level 2 of the Dungeon.
             The game lasted 00:00:56 (645 turns).

sammy202020 the Trooper (Minotaur Fighter)           Turns: 645, Time: 00:00:57

Health: -7/27      AC:  8    Str: 20    XL:     2   Next: 31%
Magic:  1/1        EV:  9    Int:  5    God:
Gold:   42         SH:  4    Dex:  9    Spells: 1/1 levels left

rFire   + . .        a - +0 war axe
rCold   . . .        c - +0 buckler
rNeg    . . .        j - +0 scale mail {rF+}
rPois   +            (helmet restricted)
rElec   .            (no cloak)
rCorr   .            (no gloves)
SInv    .            b - +0 pair of boots
Will    .....        (no amulet) Stlth
                     e - ring of poison resistance
HPRegen 0.24/turn    (no ring)
MPRegen 0.07/turn

%: no passive effects
@: no status effects
A: horns 2, retaliatory headbutt
a: no special abilities


You were on level 2 of the Dungeon.
You visited 1 branch of the dungeon, and saw 2 of its levels.

You collected 42 gold pieces.

Inventory:

Hand Weapons
 a - a +0 war axe (weapon)
Missiles
 g - a throwing net
Armour
 b - a +0 pair of boots (worn)
 c - a +0 buckler (worn)
 j - a +0 scale mail of fire resistance (worn)
Jewellery
 e - a ring of poison resistance (left hand)
Scrolls
 h - 2 scrolls of identify {unknown}
 i - a scroll of silence {unknown}
Potions
 d - a potion of might
 f - 2 potions of curing {unknown}


   Skills:
 * Level 3.9 Fighting
 * Level 2.7 Axes
 * Level 3.8 Armour
 + Level 0.4 Dodging
 * Level 3.8 Shields


You had one spell level left.
You didn't know any spells.
Your spell library was empty.

Dungeon Overview and Level Annotations

Branches:
Dungeon (2/15)

Altars:

Annotations:
D:2 Jessica


Innate Abilities, Weirdness & Mutations

You have a pair of horns on your head.
You reflexively headbutt those who attack you in melee.


Message History

No reachable target in view!
No reachable target in view!
No reachable target in view!
No reachable target in view!
No reachable target in view!
No reachable target in view!
No reachable target in view!
No reachable target in view!
No reachable target in view!
No reachable target in view!
The teleport trap disappears.
The ball python disappears!
Jessica mumbles some strange words.
Jessica blinks!
You barely miss Jessica. Jessica barely misses you.
A jackal comes into view.
You barely miss Jessica.
Jessica casts a spell.
Jessica seems to speed up.
You hear a bark!
You hit Jessica.
Jessica is lightly wounded.
You hear a bark! x2
Jessica zaps a wand.
The puff of flame hits you. You resist. Jessica barely misses you.
You hit Jessica.
Jessica is moderately wounded.
You hit the endoplasm.
Jessica zaps a wand.
The puff of flame hits you. You resist. Jessica hits you with a +0 club.
The endoplasm freezes you.
You are frozen.
You hit Jessica. Your headbutt misses Jessica.
Jessica is heavily wounded.
You barely miss the endoplasm. Jessica hits you with a +0 club.
* * * LOW HITPOINT WARNING * * *
The endoplasm freezes you.
You are frozen.
* * * LOW HITPOINT WARNING * * *
Jessica points at you and mumbles some strange words.
Pain shoots through your body!
You die...

#.##.# #. #.##.#
#.########.##.## .
##.#.. ..##.##..####
>##....# #.##.##.....
#...#.$# #.##.##..#
#....###........#####
.####.#JS...#...#...<.†)
.....h@@.........#.#####
..###.#######...##.# #
##.###.# #.....# #.###..
#.# ##. .# .# .#


You could see Jessica (fast), an endoplasm, a jackal and a ball python.

Vanquished Creatures
  A bat (D:1)
  An endoplasm (D:1)
  A giant cockroach (D:2)
  3 goblins (D:1)
  A hobgoblin (D:2)
  2 kobolds
  A ball python (D:1)
  2 frilled lizards (D:1)
  A rat (D:1)
13 creatures vanquished.

Notes
Turn   | Place    | Note
-------+----------+-------------------------------------------
     0 | D:1      | sammy202020 the Minotaur Fighter began the quest for the
                  | Orb.
     0 | D:1      | Reached XP level 1. HP: 19/19 MP: 0/0
   365 | D:1      | Reached XP level 2. HP: 27/27 MP: 1/1
   638 | D:2      | Noticed Jessica
   645 | D:2      | Killed from afar by Jessica

Illustrated notes

Levels and vault maps discovered:
D:1:      lightli_arrival_chessboard, layout_basic
D:2:      layout_loops_ring, kennysheep_generic_room_7, uniq_jessica

Action                     || total
---------------------------++-------
  Melee: War axe           ||    23
         Headbutt          ||     1
 Armour: Scale mail        ||    11
  Dodge: Dodged            ||     7
  Block: Buckler           ||     1

Table legend: (Time is in decaauts)
 A = Elapsed time spent in this place.
 B = Non-inter-level travel time spent in this place.
 C = Inter-level travel time spent in this place.
 D = Time resting spent in this place.
 E = Time spent auto-exploring this place.
 F = Levels seen in this place.
 G = Mean time per level.
                   A        B        C        D        E       F      G
               +--------+--------+--------+--------+--------+-----+--------+
         Total |    652 |    637 |     15 |      0 |    512 |   2 |  326.0 |
       Dungeon |    652 |    637 |     15 |      0 |    512 |   2 |  326.0 |
               +--------+--------+--------+--------+--------+-----+--------+

Top non-repeatable levels by time:
     D:1: 598 daAuts
     D:2: 54 daAuts
